APL (24 & UNDER)
SAVANNAH HOGS @ STATE COLLEGE SPIKES
09/17/2027
 
TOP OF THE 1ST
Savannah Hogs batting - Pitching for State College Spikes : RHP Craig Smith
Pitching: RHP Craig Smith
Batting: RHB Guillermo González 0-0: Ball
1-0: Swinging Strike
1-1: Ball
2-1: Foul Ball, location: 2F
2-2: Strikes out swinging
Batting: RHB Henry Dawson 0-0: Ball
1-0: Fly out, F8 (Flyball, 89S)
Batting: RHB Ramón Gómez 0-0: Ball
1-0: Ground out 4-3 (Groundball, 4)
Top of the 1st over - 0 run(s), 0 hit(s), 0 error(s), 0 left on base; Savannah 0 - State College 0
BOTTOM OF THE 1ST
State College Spikes batting - Pitching for Savannah Hogs : RHP Ramón Martínez
Pitching: RHP Ramón Martínez
Batting: RHB Luis Ortega 0-0: Ball
1-0: DOUBLE (Line Drive, 7LD)
Pinch Runner at 2nd Luis Montoya:
Batting: RHB Piotr Zahn 0-0: Ball
1-0: Swinging Strike
1-1: Called Strike
1-2: Fly out, F9 (Flyball, 9)
Batting: RHB Tony Parker 0-0: Called Strike
0-1: Foul Ball, location: 2F
0-2: Foul Ball, location: 2F
0-2: Ball
1-2: Ball
2-2: Ball
3-2: Strikes out swinging
Batting: RHB Alonzo Herrera 0-0: Ball
1-0: Swinging Strike
1-1: Fly out, F6 (Line Drive, 6M)
Bottom of the 1st over - 0 run(s), 1 hit(s), 0 error(s), 1 left on base; Savannah 0 - State College 0
TOP OF THE 2ND
Savannah Hogs batting - Pitching for State College Spikes : RHP Craig Smith
Now at 2B: Luis Montoya
Batting: LHB Jim Clemente 0-0: Ball
1-0: Ball
2-0: Ball
3-0: Base on Balls
Batting: RHB Sergio Moreno 0-0: Called Strike
0-1: Ball
1-1: Ball
2-1: SINGLE (Groundball, 56D)
Jim Clemente to second
Batting: LHB Miguel Medellín 0-0: Ball
1-0: SINGLE (Groundball, 56S) (infield hit)
Jim Clemente to third
Sergio Moreno to second
Batting: RHB Remi Eruzione 0-0: Fly out, F7 (Flyball, 7)
Runner from 3rd tags up, SCORES, no throw
Batting: RHB Alex Whitehead 0-0: Called Strike
0-1: Swinging Strike
0-2: Ball
1-2: Ball
2-2: Ball
3-2: Grounds into double play, 6-4-3 (Groundball, 6)
Top of the 2nd over - 1 run(s), 2 hit(s), 0 error(s), 1 left on base; Savannah 1 - State College 0
BOTTOM OF THE 2ND
State College Spikes batting - Pitching for Savannah Hogs : RHP Ramón Martínez
Batting: LHB Phil Neal 0-0: Called Strike
0-1: Ball
1-1: Foul Ball, location: 2F
1-2: Ball
2-2: Ground out 5-3 (Groundball, 5)
Batting: RHB Pedro Echevarría 0-0: Foul Ball, location: 2F
0-1: Ball
1-1: Foul Ball, location: 2F
1-2: Ball
2-2: Ball
3-2: Base on Balls
Batting: RHB Will Stafford 0-0: Ball
Pedro Echevarría steals 2nd base
1-0: Called Strike
Pedro Echevarría steals 3rd base
1-1: DOUBLE (Line Drive, 7LM)
Pedro Echevarría scores
Batting: LHB Wally Harris 0-0: Ball
1-0: Ball
2-0: Ball
3-0: Called Strike
3-1: Called Strike
3-2: Base on Balls
Batting: LHB Burt Ward 0-0: Ball
1-0: Ball
2-0: Ball
3-0: Called Strike
3-1: Base on Balls
Will Stafford to third
Wally Harris to second
Batting: RHB Luis Montoya 0-0: Ball
1-0: Foul Ball, location: 2F
1-1: Ground out 6-3 (Groundball, 6S)
Will Stafford scores
Wally Harris to third
Burt Ward to second
Batting: RHB Piotr Zahn 0-0: Called Strike
0-1: Ball
1-1: Ball
2-1: Foul Ball, location: 2F
2-2: Ball
3-2: Base on Balls
Batting: RHB Tony Parker 0-0: SINGLE (Line Drive, 89M)
Wally Harris scores
Burt Ward to third
Piotr Zahn to second
Runner from 3rd tries for Home, SAFE, no throw
Batting: RHB Alonzo Herrera 0-0: Foul Ball, location: 2F
0-1: Ball
1-1: Called Strike
1-2: Strikes out looking
Bottom of the 2nd over - 4 run(s), 2 hit(s), 0 error(s), 2 left on base; Savannah 1 - State College 4
TOP OF THE 3RD
Savannah Hogs batting - Pitching for State College Spikes : RHP Craig Smith
Batting: RHB Luis González 0-0: Fly out, F8 (Flyball, 8RM)
Batting: RHB Guillermo González 0-0: DOUBLE (Flyball, 9)
Batting: RHB Henry Dawson 0-0: Called Strike
0-1: Foul Ball, location: 2F
0-2: Hit by Pitch
Batting: RHB Ramón Gómez 0-0: SINGLE (Line Drive, 6M)
Guillermo González to third
Henry Dawson to second
Runner from 3rd tries for Home, SAFE, no throw
Batting: LHB Jim Clemente 0-0: Called Strike
0-1: Foul Ball, location: 2F
0-2: Ball
1-2: SINGLE (Groundball, 34D)
Henry Dawson to third
Ramón Gómez to second
Runner from 3rd tries for Home, throw and OUT!
Ramón Gómez to third
Jim Clemente to second
Batting: RHB Sergio Moreno 0-0: Swinging Strike
0-1: Ball
1-1: Ball
2-1: Foul Ball, location: 2F
2-2: Ball
3-2: Ground out 6-3 (Groundball, 6)
Top of the 3rd over - 1 run(s), 3 hit(s), 0 error(s), 2 left on base; Savannah 2 - State College 4
BOTTOM OF THE 3RD
State College Spikes batting - Pitching for Savannah Hogs : RHP Ramón Martínez
Batting: LHB Phil Neal 0-0: Ball
1-0: SOLO HOME RUN (Flyball, 7LD), Distance : 327 ft
Batting: RHB Pedro Echevarría 0-0: Foul Ball, location: 2F
0-1: Ball
1-1: Foul Ball, location: 2F
1-2: Ball
2-2: Fly out, F9 (Flyball, 9LSF)
Batting: RHB Will Stafford 0-0: Ball
1-0: Called Strike
1-1: Swinging Strike
1-2: Ball
2-2: Foul Ball, location: 2F
2-2: SINGLE (Groundball, 6MD)
Batting: LHB Wally Harris 0-0: Fly out, F7 (Flyball, 78S)
Batting: LHB Burt Ward 0-0: Called Strike
0-1: Ball
1-1: Foul Ball, location: 2F
1-2: Strikes out looking
Bottom of the 3rd over - 1 run(s), 2 hit(s), 0 error(s), 1 left on base; Savannah 2 - State College 5
TOP OF THE 4TH
Savannah Hogs batting - Pitching for State College Spikes : RHP Craig Smith
Batting: LHB Miguel Medellín 0-0: Ball
1-0: Ball
2-0: Foul Ball, location: 2F
2-1: Ball
3-1: Called Strike
3-2: Strikes out swinging
Batting: RHB Remi Eruzione 0-0: Ground out 6-3 (Groundball, 6)
Batting: RHB Alex Whitehead 0-0: Fly out, F9 (Flyball, 9S)
Top of the 4th over - 0 run(s), 0 hit(s), 0 error(s), 0 left on base; Savannah 2 - State College 5
BOTTOM OF THE 4TH
State College Spikes batting - Pitching for Savannah Hogs : RHP Ramón Martínez
Batting: RHB Luis Montoya 0-0: Ball
1-0: Ball
2-0: Called Strike
2-1: Swinging Strike
2-2: Fly out, F7 (Flyball, 78S)
Batting: RHB Piotr Zahn 0-0: Ball
1-0: Called Strike
1-1: SINGLE (Groundball, 56D)
Batting: RHB Tony Parker 0-0: Foul Ball, location: 2F
0-1: Called Strike
0-2: Foul Ball, location: 2F
0-2: Ball
1-2: Foul Ball, location: 2F
1-2: Ground out U3 (Groundball, 34S)
Piotr Zahn to second
Pitching: RHP Jorge Durán
Batting: RHB Alonzo Herrera 0-0: Ball
1-0: Foul Ball, location: 2F
1-1: Foul Ball, location: 2F
1-2: Foul Ball, location: 2F
1-2: Ball
2-2: Foul Ball, location: 2F
2-2: Fly out, F7 (Flyball, 78M)
Bottom of the 4th over - 0 run(s), 1 hit(s), 0 error(s), 1 left on base; Savannah 2 - State College 5
TOP OF THE 5TH
Savannah Hogs batting - Pitching for State College Spikes : RHP Craig Smith
Batting: RHB Luis González 0-0: Called Strike
0-1: Called Strike
0-2: Ball
1-2: SINGLE (Groundball, 4M) (infield hit)
Batting: RHB Guillermo González 0-0: Foul Ball, location: 2F
0-1: Fly out, F7 (Flyball, 7)
Batting: RHB Henry Dawson 0-0: Fly out, F8 (Flyball, 8RM)
Batting: RHB Ramón Gómez 0-0: Called Strike
0-1: Fielders Choice at 2nd, 6-4 (Groundball, 56)
Top of the 5th over - 0 run(s), 1 hit(s), 0 error(s), 0 left on base; Savannah 2 - State College 5
BOTTOM OF THE 5TH
State College Spikes batting - Pitching for Savannah Hogs : RHP Jorge Durán
Batting: LHB Phil Neal 0-0: Called Strike
0-1: Swinging Strike
0-2: Ball
1-2: Ball
2-2: Foul Ball, location: 2F
2-2: Strikes out swinging
Batting: RHB Pedro Echevarría 0-0: Ball
1-0: Foul Ball, location: 2F
1-1: Swinging Strike
1-2: Strikes out swinging
Batting: RHB Will Stafford 0-0: Ground out U3 (Groundball, 34S)
Bottom of the 5th over - 0 run(s), 0 hit(s), 0 error(s), 0 left on base; Savannah 2 - State College 5
TOP OF THE 6TH
Savannah Hogs batting - Pitching for State College Spikes : RHP Craig Smith
Batting: LHB Jim Clemente 0-0: Foul Ball, location: 2F
0-1: Ball
1-1: Ball
2-1: DOUBLE (Flyball, 7LM)
Batting: RHB Sergio Moreno 0-0: Called Strike
0-1: Swinging Strike
0-2: Strikes out looking
Batting: LHB Miguel Medellín 0-0: Ball
1-0: Called Strike
1-1: Ball
2-1: Fly out, F7 (Line Drive, 7)
Batting: RHB Remi Eruzione 0-0: Called Strike
0-1: Ball
1-1: Foul Ball, location: 2F
1-2: Foul Ball, location: 2F
1-2: Ball
2-2: Ground out 6-3 (Groundball, 56)
Top of the 6th over - 0 run(s), 1 hit(s), 0 error(s), 1 left on base; Savannah 2 - State College 5
BOTTOM OF THE 6TH
State College Spikes batting - Pitching for Savannah Hogs : RHP Jorge Durán
Batting: LHB Wally Harris 0-0: Ball
1-0: Swinging Strike
1-1: Ball
2-1: Swinging Strike
2-2: Fly out, F7 (Flyball, 7S)
Batting: LHB Burt Ward 0-0: Called Strike
0-1: Ball
1-1: Swinging Strike
1-2: Ball
2-2: Strikes out swinging
Batting: RHB Luis Montoya 0-0: Called Strike
0-1: Foul Ball, location: 2F
0-2: Foul Ball, location: 2F
0-2: Foul Ball, location: 2F
0-2: Ball
1-2: SINGLE (Flyball, 9LS)
Batting: RHB Piotr Zahn 0-0: Ball
1-0: Called Strike
1-1: Ball
2-1: Foul Ball, location: 2F
2-2: Ball
3-2: Ground out 6-3 (Groundball, 6)
Bottom of the 6th over - 0 run(s), 1 hit(s), 0 error(s), 1 left on base; Savannah 2 - State College 5
TOP OF THE 7TH
Savannah Hogs batting - Pitching for State College Spikes : RHP Craig Smith
Batting: RHB Alex Whitehead 0-0: Ground out 4-3 (Groundball, 4D)
Batting: RHB Luis González 0-0: Ball
1-0: Foul Ball, location: 2F
1-1: SINGLE (Line Drive, 4MD)
Batting: RHB Guillermo González 0-0: Called Strike
0-1: Ball
1-1: Ball
2-1: Swinging Strike
2-2: Ball
3-2: Strikes out swinging
Pitching: RHP Javier Molina
Batting: RHB Henry Dawson 0-0: Ball
1-0: 2-RUN HOME RUN (Flyball, 7D), Distance : 401 ft
Batting: RHB Ramón Gómez 0-0: Ball
1-0: Ball
2-0: Called Strike
2-1: Swinging Strike
2-2: Strikes out looking
Top of the 7th over - 2 run(s), 2 hit(s), 0 error(s), 0 left on base; Savannah 4 - State College 5
BOTTOM OF THE 7TH
State College Spikes batting - Pitching for Savannah Hogs : RHP Jorge Durán
Pitching: RHP José Gonzáles
Batting: RHB Tony Parker 0-0: Ball
1-0: Called Strike
1-1: Ball
2-1: Foul Ball, location: 2F
2-2: Foul Ball, location: 2F
2-2: Ball
3-2: Foul Ball, location: 2F
3-2: Foul Ball, location: 2F
3-2: Foul Ball, location: 2F
3-2: Foul Ball, location: 2F
3-2: Ground out 5-3 (Groundball, 25)
Pitching: RHP Leonardo De La Garza
Batting: RHB Alonzo Herrera 0-0: Foul Ball, location: 2F
0-1: Ball
1-1: Swinging Strike
1-2: Foul Ball, location: 2F
1-2: Strikes out swinging
Pitching: LHP Nathan Armstrong
Batting: LHB Phil Neal 0-0: Called Strike
0-1: Foul Ball, location: 2F
0-2: Ball
1-2: Fly out, F8 (Flyball, 8LD)
Bottom of the 7th over - 0 run(s), 0 hit(s), 0 error(s), 0 left on base; Savannah 4 - State College 5
TOP OF THE 8TH
Savannah Hogs batting - Pitching for State College Spikes : RHP Javier Molina
Pitching: RHP Don Shelton
Now at 1B: Millard Walker
Batting: LHB Jim Clemente 0-0: Foul Ball, location: 2F
0-1: Ball
1-1: Swinging Strike
1-2: Ball
2-2: Ball
3-2: Strikes out looking
Batting: RHB Sergio Moreno 0-0: Foul Ball, location: 2F
0-1: Foul Ball, location: 2F
0-2: Strikes out looking
Batting: LHB Miguel Medellín 0-0: Ball
1-0: Swinging Strike
1-1: Ball
2-1: Ball
3-1: Foul Ball, location: 2F
3-2: Strikes out swinging
Top of the 8th over - 0 run(s), 0 hit(s), 0 error(s), 0 left on base; Savannah 4 - State College 5
BOTTOM OF THE 8TH
State College Spikes batting - Pitching for Savannah Hogs : LHP Nathan Armstrong
Pitching: RHP Danny Lee
Batting: RHB Pedro Echevarría 0-0: Ball
1-0: Ground out 5-3 (Groundball, 56S)
Batting: RHB Will Stafford 0-0: Swinging Strike
0-1: DOUBLE (Line Drive, 78XD)
Batting: LHB Wally Harris 0-0: Ball
Will Stafford steals 3rd base
1-0: Swinging Strike
1-1: Ball
2-1: SINGLE (Groundball, 34D)
Will Stafford scores
Batting: LHB Burt Ward 0-0: Ball
1-0: DOUBLE (Flyball, 8RM)
Wally Harris to third
Batting: RHB Luis Montoya 0-0: Intentional Walk
Pinch Hitting: SHB Thomas Simmons 0-0: Foul Ball, location: 2F
0-1: Fly out, F7 (Flyball, 78S)
Batting: RHB Tony Parker 0-0: Ball
1-0: Foul Ball, location: 2F
1-1: Ball
2-1: Ball
3-1: GRAND SLAM HOME RUN (Flyball, 78XD), Distance : 408 ft
Batting: RHB Alonzo Herrera 0-0: Ball
1-0: Foul Ball, location: 2F
1-1: Ball
2-1: Foul Ball, location: 2F
2-2: Strikes out swinging
Bottom of the 8th over - 5 run(s), 4 hit(s), 0 error(s), 0 left on base; Savannah 4 - State College 10
TOP OF THE 9TH
Savannah Hogs batting - Pitching for State College Spikes : RHP Don Shelton
Now at 1B: Luis Quezada
Now at 3B: Julián Garza
Batting: RHB Remi Eruzione 0-0: Called Strike
0-1: Swinging Strike
0-2: Strikes out swinging
Batting: RHB Alex Whitehead 0-0: Ball
1-0: Swinging Strike
1-1: Ball
2-1: Swinging Strike
2-2: Foul Ball, location: 2F
2-2: Strikes out swinging
Batting: RHB Luis González 0-0: Called Strike
0-1: SINGLE (Line Drive, 7LM)
Batting: RHB Guillermo González 0-0: Foul Ball, location: 2F
0-1: Ball
1-1: Foul Ball, location: 2F
1-2: Ball
2-2: Foul Ball, location: 2F
2-2: Ball
3-2: Strikes out swinging
Top of the 9th over - 0 run(s), 1 hit(s), 0 error(s), 1 left on base; Savannah 4 - State College 10
Thursday, March 30th, 2017 - OOTP Baseball 17.12 Build 75